[ AOE2 MATCH · #457201469 ]
UnrankedVietnamese vs Mapuche
[ REPLAY ANALYSIS · EXTRACTED FROM THE RECORDED GAME ]
Feudal
10:44
Castle
22:33
Imperial
—
| APM avg | 34.1 |
| APM peak | 66 |
| eAPM avg | 16.2 |
| Villagers / military | 53 / 50 |
Focus
⚔️ 21.4% · 🌾 78.6%
Skirmisher ×30 · Rattan Archer ×10 · Battle Elephant ×6 · Spearman ×3 · Monk ×1
Feudal
11:19
Castle
22:20
Imperial
—
| APM avg | 18.7 |
| APM peak | 38 |
| eAPM avg | 12.6 |
| Villagers / military | 97 / 41 |
Focus
⚔️ 18.3% · 🌾 81.7%
Bolas Rider ×28 · Mangonel ×6 · Skirmisher ×4 · Archer ×3 · Unknown (2550) ×1
Feudal
15:14
Castle
—
Imperial
—
| APM avg | 5.3 |
| APM peak | 25 |
| eAPM avg | 3.5 |
| Villagers / military | 39 / 5 |
Focus
⚔️ 23.7% · 🌾 76.3%
Militia ×5
Feudal
12:02
Castle
15:59
Imperial
—
| APM avg | 22.9 |
| APM peak | 53 |
| eAPM avg | 11.2 |
| Villagers / military | 63 / 15 |
Focus
⚔️ 18.5% · 🌾 81.5%
Magyar Huszar ×13 · Mangonel ×2
Feudal
10:17
Castle
18:25
Imperial
—
| APM avg | 11.7 |
| APM peak | 42 |
| eAPM avg | 7.9 |
| Villagers / military | 45 / 0 |
Focus
⚔️ 14.0% · 🌾 86.0%
Feudal
11:25
Castle
17:54
Imperial
—
| APM avg | 16.2 |
| APM peak | 38 |
| eAPM avg | 6.5 |
| Villagers / military | 63 / 13 |
Focus
⚔️ 11.3% · 🌾 88.7%
Knight ×13
Feudal
13:06
Castle
—
Imperial
—
| APM avg | 4.9 |
| APM peak | 32 |
| eAPM avg | 2.3 |
| Villagers / military | 18 / 0 |
Focus
⚔️ 0.0% · 🌾 100.0%
Trade Cart ×7
Feudal
9:45
Castle
19:13
Imperial
—
| APM avg | 12.5 |
| APM peak | 40 |
| eAPM avg | 6.3 |
| Villagers / military | 53 / 0 |
Focus
⚔️ 5.2% · 🌾 94.8%
Match map
Initial resources + every placement click. Lines = walls · curves = elevation contours. ◆ gold · ⬟ stone · ● berries · ✦ relic · ◌ wall gap
Your base· Open — unwalled flank
MrTimmy's base· Open — unwalled flank
Tricia's base· Open — unwalled flank
Lemon_Chan's base· Open — unwalled flank
Rata's base· Open — unwalled flank
rokoldo1's base· Open — unwalled flank
Coleman68's base· Open — 8t gap
BigO's base· Open — unwalled flank
Smoothed initial terrain · ◌ = detected wall gap · hover for details
Inputs per minute
— KarvaSetä - - MrTimmy
Build order — KarvaSetä
First 150 of 168 actions detected
| 0:02 | Build | House |
| 0:02 | Build | House |
| 0:03 | Create | Villager (Male) |
| 0:03 | Create | Villager (Male) |
| 0:04 | Create | Villager (Male) |
| 0:48 | Create | Villager (Male) |
| 1:29 | Create | Villager (Male) |
| 2:13 | Create | Villager (Male) |
| 2:14 | Create | Villager (Male) |
| 2:33 | Build | Lumber Camp |
| 2:48 | Create | Villager (Male) |
| 3:11 | Create | Villager (Male) |
| 3:59 | Create | Villager (Male) |
| 4:20 | Create | Villager (Male) |
| 4:53 | Build | Mill |
| 5:16 | Create | Villager (Male) |
| 5:16 | Create | Villager (Male) |
| 5:22 | Build | House |
| 5:24 | Build | House |
| 5:35 | Research | Loom |
| 5:36 | Create | Villager (Male) |
| 5:36 | Create | Villager (Male) |
| 6:13 | Create | Villager (Male) |
| 7:08 | Build | Mill |
| 7:19 | Create | Villager (Male) |
| 7:19 | Create | Villager (Male) |
| 7:58 | Create | Villager (Male) |
| 8:12 | Research | Feudal Age |
| 8:53 | Build | Barracks |
| 9:54 | Build | Mining Camp |
| 10:04 | Build | Mining Camp |
| 10:18 | Build | Mining Camp |
| 10:44 | Age | Feudal Age |
| 10:52 | Build | Archery Range |
| 10:59 | Create | Spearman |
| 11:00 | Create | Spearman |
| 11:16 | Build | House |
| 11:18 | Build | House |
| 11:22 | Create | Villager (Male) |
| 11:23 | Create | Villager (Male) |
| 11:34 | Create | Skirmisher |
| 11:34 | Create | Skirmisher |
| 11:34 | Create | Skirmisher |
| 11:34 | Create | Skirmisher |
| 11:54 | Research | Double-Bit Axe |
| 12:11 | Create | Villager (Male) |
| 12:17 | Research | Horse Collar |
| 12:20 | Build | Farm |
| 12:27 | Create | Skirmisher |
| 12:47 | Create | Villager (Male) |
| 12:47 | Create | Villager (Male) |
| 12:56 | Create | Skirmisher |
| 13:12 | Create | Skirmisher |
| 13:19 | Build | Blacksmith |
| 13:42 | Create | Skirmisher |
| 14:06 | Create | Skirmisher |
| 14:16 | Research | Fletching |
| 14:42 | Create | Villager (Male) |
| 14:42 | Create | Villager (Male) |
| 14:45 | Build | Farm |
| 14:46 | Build | Farm |
| 14:49 | Build | House |
| 14:53 | Build | House |
| 14:54 | Build | House |
| 15:55 | Create | Villager (Male) |
| 15:56 | Create | Villager (Male) |
| 15:56 | Create | Villager (Male) |
| 15:56 | Create | Villager (Male) |
| 15:59 | Build | Farm |
| 16:01 | Build | Farm |
| 16:02 | Build | Farm |
| 16:06 | Build | House |
| 16:12 | Build | Mill |
| 16:57 | Create | Villager (Male) |
| 16:57 | Create | Villager (Male) |
| 17:04 | Build | Farm |
| 17:57 | Create | Villager (Male) |
| 17:57 | Create | Villager (Male) |
| 17:57 | Create | Villager (Male) |
| 18:00 | Build | Farm |
| 18:01 | Build | Farm |
| 18:04 | Build | Farm |
| 18:08 | Build | Farm |
| 18:09 | Build | Farm |
| 18:20 | Create | Villager (Male) |
| 18:21 | Create | Villager (Male) |
| 18:55 | Create | Villager (Male) |
| 19:10 | Build | Market |
| 19:36 | Build | Farm |
| 19:41 | Research | Castle Age |
| 20:07 | Build | Mining Camp |
| 20:32 | Build | House |
| 21:40 | Create | Skirmisher |
| 21:40 | Create | Skirmisher |
| 21:41 | Create | Skirmisher |
| 21:42 | Create | Skirmisher |
| 21:57 | Create | Spearman |
| 22:33 | Age | Castle Age |
| 22:39 | Research | Elite Skirmisher (upgrade) |
| 23:22 | Build | Town Center |
| 23:31 | Create | Villager (Male) |
| 23:31 | Create | Villager (Male) |
| 23:32 | Create | Villager (Male) |
| 23:34 | Research | Wheelbarrow |
| 23:36 | Research | Bow Saw |
| 24:03 | Create | Villager (Male) |
| 24:03 | Create | Villager (Male) |
| 24:49 | Create | Villager (Male) |
| 24:49 | Create | Villager (Male) |
| 24:50 | Create | Villager (Male) |
| 24:50 | Create | Villager (Male) |
| 24:50 | Create | Villager (Male) |
| 24:51 | Create | Villager (Male) |
| 24:51 | Create | Villager (Male) |
| 25:08 | Build | Monastery |
| 25:16 | Create | Skirmisher |
| 25:16 | Create | Skirmisher |
| 25:18 | Create | Skirmisher |
| 25:18 | Create | Skirmisher |
| 25:19 | Create | Skirmisher |
| 25:36 | Create | Monk |
| 25:54 | Create | Villager (Male) |
| 25:55 | Create | Villager (Male) |
| 25:55 | Create | Villager (Male) |
| 26:13 | Research | Bodkin Arrow |
| 26:28 | Build | Farm |
| 26:28 | Build | Farm |
| 26:28 | Build | Farm |
| 26:33 | Create | Skirmisher |
| 26:57 | Build | Stable |
| 27:02 | Build | Farm |
| 27:33 | Build | Castle |
| 27:57 | Create | Battle Elephant |
| 27:58 | Create | Battle Elephant |
| 28:05 | Build | House |
| 28:06 | Build | House |
| 28:07 | Build | House |
| 28:12 | Build | House |
| 28:14 | Create | Skirmisher |
| 29:05 | Research | Gold Mining |
| 29:07 | Create | Skirmisher |
| 29:08 | Create | Skirmisher |
| 29:08 | Create | Skirmisher |
| 29:15 | Build | Farm |
| 29:21 | Create | Skirmisher |
| 29:21 | Create | Skirmisher |
| 29:25 | Create | Skirmisher |
| 29:31 | Create | Rattan Archer |
| 29:32 | Create | Rattan Archer |
| 29:32 | Create | Rattan Archer |
Build order — MrTimmy
First 150 of 243 actions detected
| 0:02 | Create | Villager (Male) |
| 0:02 | Create | Villager (Male) |
| 0:03 | Create | Villager (Male) |
| 0:03 | Create | Villager (Male) |
| 0:05 | Build | House |
| 0:07 | Build | House |
| 1:27 | Create | Villager (Male) |
| 2:07 | Build | Settlement |
| 2:08 | Create | Villager (Male) |
| 2:21 | Create | Villager (Male) |
| 2:55 | Create | Villager (Male) |
| 2:56 | Create | Villager (Male) |
| 3:12 | Create | Villager (Male) |
| 3:39 | Create | Villager (Male) |
| 4:10 | Build | Settlement |
| 4:14 | Create | Villager (Male) |
| 4:15 | Create | Villager (Male) |
| 4:16 | Research | Loom |
| 5:07 | Create | Villager (Male) |
| 5:09 | Create | Villager (Male) |
| 5:30 | Create | Villager (Male) |
| 6:25 | Create | Villager (Male) |
| 6:25 | Create | Villager (Male) |
| 6:31 | Create | Villager (Male) |
| 6:32 | Create | Villager (Male) |
| 6:33 | Create | Villager (Male) |
| 8:01 | Build | Settlement |
| 8:27 | Create | Villager (Male) |
| 9:05 | Create | Villager (Male) |
| 9:09 | Research | Feudal Age |
| 9:40 | Build | Farm |
| 9:43 | Build | Farm |
| 9:53 | Build | Barracks |
| 9:55 | Build | House |
| 10:03 | Build | Palisade Gate |
| 10:06 | Build | House |
| 10:46 | Create | Villager (Male) |
| 10:46 | Create | Villager (Male) |
| 11:13 | Create | Villager (Male) |
| 11:19 | Age | Feudal Age |
| 11:25 | Build | Archery Range |
| 11:47 | Build | House |
| 11:53 | Build | Blacksmith |
| 11:57 | Research | Double-Bit Axe |
| 12:00 | Create | Villager (Male) |
| 12:33 | Create | Archer |
| 12:37 | Create | Villager (Male) |
| 12:45 | Build | Settlement |
| 12:51 | Create | Villager (Male) |
| 12:52 | Create | Villager (Male) |
| 13:06 | Build | House |
| 13:08 | Build | House |
| 13:10 | Create | Villager (Male) |
| 13:43 | Create | Villager (Male) |
| 13:48 | Build | Farm |
| 13:50 | Build | Farm |
| 13:51 | Build | Farm |
| 13:54 | Build | Farm |
| 13:56 | Build | Farm |
| 14:15 | Create | Villager (Male) |
| 14:16 | Create | Villager (Male) |
| 14:26 | Create | Villager (Male) |
| 14:29 | Build | Farm |
| 14:29 | Build | Farm |
| 14:29 | Build | Farm |
| 14:56 | Create | Villager (Male) |
| 14:56 | Create | Villager (Male) |
| 14:59 | Build | Farm |
| 15:18 | Create | Archer |
| 15:32 | Create | Villager (Male) |
| 15:32 | Create | Villager (Male) |
| 15:47 | Build | Farm |
| 15:47 | Build | Farm |
| 15:49 | Create | Villager (Male) |
| 15:57 | Build | Farm |
| 16:35 | Create | Villager (Male) |
| 16:35 | Create | Villager (Male) |
| 17:02 | Create | Unit 2550 |
| 17:10 | Build | Farm |
| 17:28 | Create | Villager (Male) |
| 17:30 | Build | Farm |
| 17:31 | Build | Farm |
| 17:32 | Build | Farm |
| 17:32 | Build | Farm |
| 18:34 | Create | Villager (Male) |
| 18:48 | Create | Villager (Male) |
| 19:10 | Build | Farm |
| 19:11 | Create | Villager (Male) |
| 19:16 | Build | Farm |
| 19:16 | Build | Farm |
| 19:37 | Research | Castle Age |
| 19:48 | Build | Farm |
| 19:52 | Build | Farm |
| 19:55 | Build | Farm |
| 20:11 | Create | Skirmisher |
| 20:12 | Create | Skirmisher |
| 20:16 | Create | Skirmisher |
| 20:17 | Create | Archer |
| 20:32 | Create | Skirmisher |
| 20:38 | Research | Gold Mining |
| 21:58 | Create | Villager (Male) |
| 21:58 | Create | Villager (Male) |
| 22:04 | Research | Fletching |
| 22:04 | Research | Padded Archer Armor |
| 22:12 | Build | Archery Range |
| 22:20 | Age | Castle Age |
| 22:35 | Create | Villager (Male) |
| 22:35 | Create | Villager (Male) |
| 22:43 | Build | Town Center |
| 23:16 | Build | Town Center |
| 23:25 | Create | Villager (Male) |
| 23:25 | Create | Villager (Male) |
| 23:38 | Build | Siege Workshop |
| 23:50 | Build | House |
| 24:05 | Create | Villager (Male) |
| 24:05 | Create | Villager (Male) |
| 24:06 | Create | Villager (Male) |
| 24:44 | Create | Villager (Male) |
| 24:44 | Create | Villager (Male) |
| 24:44 | Create | Villager (Male) |
| 24:45 | Create | Villager (Male) |
| 24:51 | Research | Wheelbarrow |
| 24:54 | Build | Farm |
| 25:00 | Create | Mangonel |
| 25:01 | Create | Mangonel |
| 25:17 | Create | Bolas Rider |
| 25:18 | Create | Bolas Rider |
| 25:18 | Create | Bolas Rider |
| 25:19 | Create | Bolas Rider |
| 25:33 | Build | University |
| 25:39 | Create | Villager (Male) |
| 25:40 | Create | Villager (Male) |
| 25:40 | Create | Villager (Male) |
| 25:40 | Create | Villager (Male) |
| 25:43 | Research | Town Watch |
| 25:44 | Create | Villager (Male) |
| 25:48 | Create | Villager (Male) |
| 25:48 | Create | Villager (Male) |
| 25:52 | Build | Farm |
| 25:52 | Build | Farm |
| 25:52 | Build | Farm |
| 25:53 | Build | Farm |
| 26:09 | Create | Bolas Rider |
| 26:09 | Create | Bolas Rider |
| 26:09 | Create | Bolas Rider |
| 26:23 | Research | Bow Saw |
| 26:25 | Research | Horse Collar |
| 26:31 | Create | Mangonel |
| 26:38 | Create | Villager (Male) |
| 26:38 | Create | Villager (Male) |
Build order — Tricia
52 actions detected in the replay
| 0:16 | Build | House |
| 0:19 | Build | House |
| 0:24 | Create | Villager (Male) ×4 |
| 1:09 | Build | House |
| 1:19 | Research | Loom |
| 2:19 | Create | Villager (Male) |
| 2:33 | Create | Villager (Male) |
| 3:18 | Create | Villager (Male) |
| 3:28 | Create | Villager (Male) |
| 3:41 | Create | Villager (Male) |
| 5:26 | Create | Villager (Male) ×5 |
| 7:39 | Create | Villager (Male) ×3 |
| 7:46 | Build | House |
| 7:48 | Build | House |
| 8:18 | Build | House |
| 8:30 | Build | Lumber Camp |
| 8:50 | Build | Mill |
| 8:58 | Build | Outpost |
| 9:12 | Build | Outpost |
| 9:29 | Create | Villager (Male) |
| 9:29 | Create | Villager (Male) |
| 9:46 | Build | Barracks |
| 10:04 | Build | Outpost |
| 11:03 | Build | Mining Camp |
| 11:31 | Build | Palisade Wall |
| 13:04 | Research | Feudal Age |
| 14:20 | Build | Palisade Wall |
| 15:02 | Build | Palisade Gate |
| 15:14 | Age | Feudal Age |
| 15:26 | Research | Wheelbarrow |
| 15:29 | Research | Double-Bit Axe |
| 15:31 | Create | Villager (Male) ×5 |
| 15:45 | Build | Mill |
| 15:56 | Build | Farm |
| 16:01 | Build | Farm |
| 16:02 | Build | Farm |
| 16:05 | Research | Horse Collar |
| 16:08 | Research | Town Watch |
| 17:27 | Build | Palisade Wall |
| 18:04 | Build | Market |
| 18:40 | Build | Outpost |
| 18:49 | Build | Palisade Wall |
| 28:24 | Create | Villager (Male) ×5 |
| 28:25 | Create | Villager (Male) ×5 |
| 28:25 | Create | Villager (Male) ×5 |
| 28:40 | Create | Militia ×5 |
| 28:43 | Research | Man-at-Arms (upgrade) |
| 28:48 | Build | Barracks |
| 28:49 | Build | Barracks |
| 29:00 | Build | Barracks |
| 29:01 | Build | Barracks |
| 29:48 | Research | Man-at-Arms (upgrade) |
Build order — Lemon_Chan
139 actions detected in the replay
| 0:03 | Create | Villager (Male) |
| 0:03 | Create | Villager (Male) |
| 0:03 | Create | Villager (Male) |
| 0:04 | Create | Villager (Male) |
| 0:04 | Create | Villager (Male) |
| 0:08 | Build | House |
| 0:11 | Build | House |
| 1:48 | Create | Villager (Male) |
| 1:48 | Create | Villager (Male) |
| 2:29 | Create | Villager (Male) |
| 2:29 | Create | Villager (Male) |
| 2:47 | Create | Villager (Male) |
| 3:09 | Create | Villager (Male) |
| 3:09 | Create | Villager (Male) |
| 3:47 | Create | Villager (Male) |
| 3:47 | Create | Villager (Male) |
| 3:55 | Build | House |
| 3:56 | Build | House |
| 4:18 | Build | Mill |
| 4:37 | Create | Villager (Male) |
| 4:37 | Create | Villager (Male) |
| 5:00 | Build | Lumber Camp |
| 5:18 | Create | Villager (Male) |
| 6:04 | Create | Villager (Male) |
| 6:04 | Create | Villager (Male) |
| 6:04 | Create | Villager (Male) |
| 6:30 | Create | Villager (Male) |
| 6:30 | Create | Villager (Male) |
| 7:05 | Build | Mill |
| 7:12 | Create | Villager (Male) |
| 7:47 | Create | Villager (Male) |
| 7:47 | Create | Villager (Male) |
| 7:47 | Create | Villager (Male) |
| 7:48 | Create | Villager (Male) |
| 8:22 | Build | Mining Camp |
| 8:40 | Research | Loom |
| 9:22 | Build | Mining Camp |
| 9:39 | Research | Feudal Age |
| 11:06 | Build | House |
| 12:02 | Age | Feudal Age |
| 12:05 | Build | Market |
| 12:47 | Build | Blacksmith |
| 13:19 | Research | Castle Age |
| 14:09 | Build | Farm |
| 14:18 | Build | Farm |
| 14:24 | Build | Farm |
| 15:28 | Research | Double-Bit Axe |
| 15:31 | Research | Horse Collar |
| 15:59 | Age | Castle Age |
| 16:29 | Create | Villager (Male) |
| 16:29 | Create | Villager (Male) |
| 16:47 | Build | Castle |
| 16:59 | Build | Farm |
| 17:01 | Create | Villager (Male) |
| 17:01 | Create | Villager (Male) |
| 17:33 | Build | Monastery |
| 17:35 | Create | Villager (Male) |
| 17:35 | Create | Villager (Male) |
| 18:15 | Build | Palisade Wall |
| 18:17 | Build | Palisade Wall |
| 18:18 | Build | Palisade Wall |
| 18:20 | Build | Palisade Wall |
| 18:36 | Build | Palisade Wall |
| 18:41 | Build | Palisade Wall |
| 18:42 | Build | Palisade Wall |
| 18:44 | Build | Palisade Wall |
| 18:47 | Build | Palisade Wall |
| 19:02 | Build | Palisade Wall |
| 19:03 | Build | Palisade Wall |
| 19:05 | Build | Palisade Wall |
| 19:07 | Build | Palisade Wall |
| 19:43 | Create | Villager (Male) |
| 19:43 | Create | Villager (Male) |
| 19:44 | Create | Villager (Male) |
| 20:09 | Create | Magyar Huszar |
| 20:32 | Build | Siege Workshop |
| 20:45 | Create | Magyar Huszar |
| 21:14 | Create | Mangonel |
| 21:29 | Create | Magyar Huszar |
| 21:29 | Create | Magyar Huszar |
| 21:36 | Build | Farm |
| 21:37 | Build | Farm |
| 21:39 | Build | Farm |
| 22:57 | Create | Mangonel |
| 22:59 | Create | Villager (Male) |
| 22:59 | Create | Villager (Male) |
| 22:59 | Create | Villager (Male) |
| 23:52 | Build | Farm |
| 23:59 | Build | Farm |
| 24:00 | Create | Villager (Male) |
| 24:00 | Create | Villager (Male) |
| 24:01 | Create | Villager (Male) |
| 24:19 | Create | Magyar Huszar |
| 24:19 | Create | Magyar Huszar |
| 25:11 | Build | Castle |
| 25:14 | Create | Villager (Male) |
| 25:14 | Create | Villager (Male) |
| 25:22 | Build | Town Center |
| 25:31 | Create | Magyar Huszar |
| 25:31 | Create | Magyar Huszar |
| 25:31 | Create | Magyar Huszar |
| 26:33 | Build | Farm |
| 26:35 | Create | Villager (Male) |
| 26:58 | Create | Villager (Male) ×3 |
| 27:06 | Build | Farm |
| 27:28 | Build | Farm |
| 27:30 | Create | Villager (Male) |
| 27:31 | Create | Villager (Male) |
| 27:40 | Build | House |
| 27:41 | Build | House |
| 28:09 | Build | Mining Camp |
| 28:24 | Build | Farm |
| 28:31 | Create | Magyar Huszar |
| 28:32 | Create | Magyar Huszar |
| 28:32 | Create | Magyar Huszar |
| 28:36 | Create | Magyar Huszar |
| 28:44 | Create | Villager (Male) |
| 28:44 | Create | Villager (Male) |
| 28:53 | Create | Villager (Male) |
| 28:53 | Create | Villager (Male) |
| 29:19 | Create | Villager (Male) |
| 29:52 | Build | Farm |
| 30:06 | Build | Mining Camp |
| 30:25 | Build | Farm |
| 30:27 | Create | Villager (Male) |
| 30:27 | Create | Villager (Male) |
| 30:29 | Create | Villager (Male) |
| 30:30 | Create | Villager (Male) |
| 30:59 | Build | Farm |
| 31:02 | Build | Farm |
| 31:04 | Create | Villager (Male) |
| 31:04 | Create | Villager (Male) |
| 31:05 | Create | Villager (Male) |
| 31:06 | Create | Villager (Male) |
| 31:41 | Research | Fletching |
| 32:45 | Build | Farm |
| 32:46 | Build | Farm |
| 32:53 | Build | Farm |
| 32:58 | Build | Farm |
Build order — Rata
88 actions detected in the replay
| 0:01 | Create | Villager (Male) |
| 0:01 | Create | Villager (Male) |
| 0:03 | Build | House |
| 0:04 | Build | House |
| 0:49 | Create | Villager (Male) |
| 0:53 | Create | Villager (Male) |
| 1:31 | Create | Villager (Male) |
| 2:03 | Create | Villager (Male) |
| 2:24 | Create | Villager (Male) |
| 2:32 | Create | Villager (Male) |
| 3:15 | Create | Villager (Male) |
| 3:30 | Create | Villager (Male) |
| 3:36 | Build | Lumber Camp |
| 4:02 | Build | House |
| 4:12 | Create | Villager (Male) |
| 4:38 | Create | Villager (Male) |
| 4:42 | Create | Villager (Male) |
| 5:11 | Build | Palisade Wall |
| 5:13 | Create | Villager (Male) |
| 5:14 | Create | Villager (Male) |
| 6:25 | Create | Villager (Male) |
| 6:25 | Create | Villager (Male) |
| 6:55 | Build | House |
| 7:14 | Build | Palisade Wall |
| 7:16 | Build | Palisade Wall |
| 7:21 | Research | Loom |
| 7:22 | Create | Villager (Male) |
| 7:23 | Create | Villager (Male) |
| 7:24 | Create | Villager (Male) |
| 7:31 | Build | Mill |
| 7:50 | Create | Villager (Male) |
| 8:07 | Research | Feudal Age |
| 8:08 | Create | Villager (Male) |
| 8:15 | Build | House |
| 9:12 | Build | House |
| 9:39 | Build | Farm |
| 9:50 | Build | Farm |
| 9:50 | Build | Farm |
| 10:02 | Build | Farm |
| 10:09 | Build | Palisade Wall |
| 10:14 | Build | Farm |
| 10:17 | Age | Feudal Age |
| 10:38 | Research | Double-Bit Axe |
| 10:56 | Create | Villager (Male) |
| 10:56 | Create | Villager (Male) |
| 11:49 | Create | Villager (Male) |
| 11:49 | Create | Villager (Male) |
| 11:54 | Build | Mining Camp |
| 12:25 | Build | Farm |
| 12:28 | Create | Villager (Male) |
| 12:53 | Create | Villager (Male) |
| 13:15 | Create | Villager (Male) |
| 13:26 | Build | Blacksmith |
| 13:31 | Create | Villager (Male) |
| 13:47 | Build | Market |
| 13:54 | Create | Villager (Male) |
| 14:47 | Build | Blacksmith |
| 14:55 | Create | Villager (Male) |
| 14:55 | Create | Villager (Male) |
| 15:21 | Research | Castle Age |
| 15:29 | Build | House |
| 15:54 | Create | Villager (Male) |
| 15:54 | Create | Villager (Male) |
| 16:00 | Build | Palisade Wall |
| 16:12 | Build | Farm |
| 16:14 | Build | Farm |
| 16:19 | Build | Mining Camp |
| 16:40 | Build | Mining Camp |
| 16:48 | Build | House |
| 16:51 | Create | Villager (Male) |
| 16:51 | Create | Villager (Male) |
| 17:34 | Build | House |
| 18:25 | Age | Castle Age |
| 18:39 | Build | Town Center |
| 19:26 | Create | Villager (Male) |
| 19:26 | Create | Villager (Male) |
| 19:32 | Build | Town Center |
| 20:02 | Build | Watch Tower |
| 20:35 | Create | Villager (Male) |
| 20:35 | Create | Villager (Male) |
| 20:40 | Build | Farm |
| 21:06 | Create | Villager (Male) |
| 21:06 | Create | Villager (Male) |
| 21:13 | Create | Villager (Male) |
| 21:13 | Create | Villager (Male) |
| 21:17 | Build | Farm |
| 21:17 | Build | Farm |
| 21:18 | Build | Farm |
Build order — rokoldo1
116 actions detected in the replay
| 0:02 | Create | Villager (Male) ×4 |
| 0:08 | Build | House |
| 0:09 | Build | House |
| 1:03 | Research | Loom |
| 1:52 | Create | Villager (Male) |
| 2:33 | Create | Villager (Male) |
| 2:58 | Create | Villager (Male) |
| 3:15 | Create | Villager (Male) |
| 3:46 | Create | Villager (Male) |
| 4:25 | Create | Villager (Male) |
| 4:42 | Build | Mill |
| 4:47 | Create | Villager (Male) |
| 4:55 | Build | House |
| 4:59 | Create | Villager (Male) |
| 5:36 | Build | Lumber Camp |
| 5:40 | Create | Villager (Male) |
| 5:44 | Create | Villager (Male) |
| 6:36 | Create | Villager (Male) |
| 7:02 | Create | Villager (Male) |
| 8:46 | Build | House |
| 9:15 | Research | Feudal Age |
| 9:46 | Build | Mining Camp |
| 10:48 | Build | Farm |
| 10:50 | Build | Farm |
| 10:51 | Build | Farm |
| 10:52 | Build | Farm |
| 10:59 | Create | Villager (Male) |
| 11:00 | Create | Villager (Male) |
| 11:01 | Create | Villager (Male) |
| 11:25 | Age | Feudal Age |
| 12:14 | Create | Villager (Male) |
| 12:21 | Build | Farm |
| 12:49 | Build | Blacksmith |
| 13:13 | Build | Mining Camp |
| 13:46 | Build | Market |
| 13:54 | Create | Villager (Male) |
| 14:12 | Build | Farm |
| 14:54 | Build | House |
| 15:01 | Build | Farm |
| 15:07 | Build | Farm |
| 15:14 | Research | Castle Age |
| 15:33 | Build | Farm |
| 15:39 | Create | Villager (Male) |
| 15:40 | Create | Villager (Male) |
| 15:52 | Build | House |
| 16:52 | Build | Barracks |
| 17:17 | Build | Farm |
| 17:25 | Research | Double-Bit Axe |
| 17:47 | Create | Villager (Male) |
| 17:47 | Create | Villager (Male) |
| 17:54 | Age | Castle Age |
| 18:16 | Build | Stable |
| 18:24 | Create | Villager (Male) |
| 18:25 | Create | Villager (Male) |
| 19:06 | Create | Villager (Male) |
| 19:07 | Create | Villager (Male) |
| 19:24 | Build | Farm |
| 19:31 | Create | Knight |
| 19:32 | Create | Knight |
| 19:33 | Create | Knight |
| 19:34 | Create | Knight |
| 19:58 | Build | House |
| 19:59 | Build | House |
| 20:08 | Create | Villager (Male) |
| 20:31 | Build | Town Center |
| 20:45 | Create | Knight |
| 21:03 | Create | Villager (Male) |
| 21:04 | Create | Villager (Male) |
| 21:11 | Build | Farm |
| 21:25 | Create | Villager (Male) |
| 21:41 | Create | Villager (Male) |
| 21:58 | Create | Knight |
| 22:28 | Create | Knight |
| 22:45 | Create | Villager (Male) |
| 23:10 | Build | House |
| 23:11 | Build | House |
| 23:26 | Create | Knight |
| 23:38 | Create | Villager (Male) ×5 |
| 23:58 | Create | Knight |
| 24:20 | Create | Villager (Male) |
| 24:27 | Build | Farm |
| 24:28 | Build | Farm |
| 24:31 | Create | Villager (Male) |
| 24:32 | Create | Villager (Male) |
| 24:39 | Build | Farm |
| 24:40 | Build | Farm |
| 25:02 | Build | Town Center |
| 25:24 | Research | Scale Barding Armor |
| 25:30 | Build | House |
| 25:32 | Build | House |
| 25:32 | Build | House |
| 25:33 | Build | House |
| 25:37 | Create | Knight |
| 25:37 | Create | Knight |
| 27:00 | Research | Chain Barding Armor |
| 27:04 | Create | Knight |
| 27:05 | Create | Knight |
| 27:08 | Create | Villager (Male) |
| 27:09 | Create | Villager (Male) |
| 29:11 | Create | Villager (Male) ×5 |
| 29:21 | Build | Farm |
| 29:23 | Build | Farm |
| 29:26 | Create | Villager (Male) ×5 |
| 29:32 | Build | University |
| 30:21 | Create | Villager (Male) |
| 30:22 | Create | Villager (Male) |
| 30:22 | Create | Villager (Male) |
| 30:29 | Build | Farm |
| 30:30 | Build | Farm |
| 31:22 | Create | Villager (Male) ×5 |
| 31:30 | Build | Farm |
| 31:31 | Build | Farm |
| 31:33 | Build | Farm |
| 31:34 | Build | Farm |
| 32:07 | Build | Farm |
| 32:08 | Build | Farm |
Build order — Coleman68
54 actions detected in the replay
| 0:28 | Build | House |
| 0:30 | Build | House |
| 0:32 | Build | House |
| 0:39 | Create | Villager (Male) |
| 0:39 | Create | Villager (Male) |
| 0:40 | Create | Villager (Male) |
| 0:41 | Create | Villager (Male) |
| 1:59 | Create | Villager (Male) |
| 3:25 | Create | Villager (Male) |
| 3:26 | Create | Villager (Male) |
| 4:29 | Create | Villager (Male) |
| 4:30 | Create | Villager (Male) |
| 5:02 | Build | Mill |
| 5:43 | Build | Farm |
| 5:46 | Build | Farm |
| 5:58 | Create | Villager (Male) |
| 5:59 | Create | Villager (Male) |
| 7:03 | Build | Farm |
| 7:09 | Build | Farm |
| 9:10 | Build | Lumber Camp |
| 9:26 | Build | Farm |
| 9:33 | Build | Farm |
| 10:56 | Research | Feudal Age |
| 12:42 | Create | Villager (Male) |
| 13:06 | Age | Feudal Age |
| 14:04 | Research | Double-Bit Axe |
| 14:06 | Research | Horse Collar |
| 14:28 | Create | Villager (Male) |
| 14:29 | Create | Villager (Male) |
| 14:29 | Create | Villager (Male) |
| 14:29 | Create | Villager (Male) |
| 15:20 | Build | Farm |
| 15:38 | Research | Wheelbarrow |
| 15:50 | Build | Farm |
| 16:16 | Build | Farm |
| 17:29 | Build | Mining Camp |
| 18:10 | Create | Villager (Male) |
| 18:12 | Create | Villager (Male) |
| 18:24 | Build | House |
| 18:25 | Build | House |
| 18:26 | Build | House |
| 18:30 | Build | House |
| 18:31 | Build | House |
| 18:46 | Research | Gold Mining |
| 19:19 | Build | Blacksmith |
| 20:38 | Build | Farm |
| 21:11 | Build | Market |
| 22:43 | Create | Trade Cart |
| 22:44 | Create | Trade Cart |
| 22:44 | Create | Trade Cart |
| 22:45 | Create | Trade Cart |
| 22:45 | Create | Trade Cart |
| 22:45 | Create | Trade Cart |
| 23:14 | Create | Trade Cart |
Build order — BigO
106 actions detected in the replay
| 0:02 | Build | House |
| 0:03 | Create | Villager (Male) |
| 0:04 | Create | Villager (Male) |
| 0:04 | Create | Villager (Male) |
| 0:04 | Create | Villager (Male) |
| 0:04 | Create | Villager (Male) |
| 0:05 | Create | Villager (Male) |
| 0:11 | Build | House |
| 1:21 | Research | Loom |
| 1:40 | Create | Villager (Male) |
| 2:21 | Create | Villager (Male) |
| 2:40 | Create | Villager (Male) |
| 3:00 | Create | Villager (Male) |
| 3:37 | Create | Villager (Male) |
| 3:43 | Build | House |
| 4:02 | Create | Villager (Male) |
| 4:03 | Create | Villager (Male) |
| 4:24 | Build | Lumber Camp |
| 5:02 | Build | Mill |
| 5:29 | Create | Villager (Male) |
| 5:30 | Create | Villager (Male) |
| 5:30 | Create | Villager (Male) |
| 5:38 | Build | House |
| 6:41 | Create | Villager (Male) |
| 7:41 | Research | Feudal Age |
| 8:21 | Create | Villager (Male) |
| 8:21 | Create | Villager (Male) |
| 8:59 | Create | Villager (Male) |
| 9:00 | Create | Villager (Male) |
| 9:01 | Create | Villager (Male) |
| 9:02 | Create | Villager (Male) |
| 9:27 | Build | Lumber Camp |
| 9:42 | Build | Mining Camp |
| 9:45 | Age | Feudal Age |
| 9:49 | Create | Villager (Male) |
| 10:00 | Research | Double-Bit Axe |
| 10:11 | Research | Horse Collar |
| 10:27 | Build | House |
| 10:42 | Build | House |
| 11:01 | Create | Villager (Male) |
| 11:15 | Build | Market |
| 11:25 | Build | Blacksmith |
| 11:42 | Build | Farm |
| 11:49 | Build | Farm |
| 11:52 | Create | Villager (Male) |
| 12:20 | Build | Farm |
| 12:33 | Build | Farm |
| 12:47 | Create | Villager (Male) |
| 12:56 | Build | Farm |
| 12:57 | Build | Farm |
| 12:57 | Build | Farm |
| 13:21 | Create | Villager (Male) |
| 13:32 | Build | Farm |
| 13:38 | Build | Farm |
| 14:02 | Build | Farm |
| 14:18 | Build | Farm |
| 14:19 | Build | Farm |
| 14:19 | Build | Farm |
| 14:30 | Create | Villager (Male) |
| 14:31 | Create | Villager (Male) |
| 14:57 | Build | Farm |
| 14:58 | Build | Farm |
| 15:11 | Create | Villager (Male) |
| 15:32 | Create | Villager (Male) |
| 15:36 | Build | Farm |
| 15:40 | Build | Farm |
| 15:53 | Create | Villager (Male) |
| 15:55 | Build | House |
| 16:42 | Research | Castle Age |
| 16:59 | Build | Mining Camp |
| 17:25 | Create | Villager (Male) |
| 17:25 | Create | Villager (Male) |
| 17:26 | Create | Villager (Male) |
| 18:28 | Create | Villager (Male) |
| 18:40 | Build | House |
| 19:05 | Research | Stone Mining |
| 19:09 | Research | Gold Mining |
| 19:13 | Age | Castle Age |
| 19:16 | Build | Barracks |
| 19:28 | Build | Town Center |
| 19:34 | Create | Villager (Male) |
| 19:40 | Research | Scale Barding Armor |
| 19:41 | Research | Forging |
| 20:15 | Create | Villager (Male) |
| 20:16 | Create | Villager (Male) |
| 20:18 | Research | Wheelbarrow |
| 20:24 | Build | Stable |
| 21:01 | Create | Villager (Male) |
| 21:02 | Create | Villager (Male) |
| 21:02 | Create | Villager (Male) |
| 21:02 | Create | Villager (Male) |
| 21:04 | Create | Villager (Male) |
| 21:05 | Create | Villager (Male) |
| 21:06 | Create | Villager (Male) |
| 21:18 | Research | Bow Saw |
| 22:00 | Research | Husbandry |
| 22:12 | Build | House |
| 22:13 | Build | House |
| 22:14 | Build | House |
| 23:24 | Build | Castle |
| 23:27 | Create | Villager (Male) |
| 23:27 | Create | Villager (Male) |
| 23:28 | Create | Villager (Male) |
| 23:28 | Create | Villager (Male) |
| 23:30 | Create | Villager (Male) |
| 23:30 | Create | Villager (Male) |
Match timeline
| 5:11 | Rata · wall_segment Palisade Wall x3 |
| 7:14 | Rata · wall_segment Palisade Wall x6 |
| 7:16 | Rata · wall_segment Palisade Wall x1 |
| 8:53 | KarvaSetä · first_building Barracks |
| 9:45 | BigO · age_up feudal |
| 9:46 | Tricia · first_building Barracks |
| 9:53 | MrTimmy · first_building Barracks |
| 10:09 | Rata · wall_segment Palisade Wall x14 |
| 10:17 | Rata · age_up feudal |
| 10:44 | KarvaSetä · age_up feudal |
| 10:52 | KarvaSetä · first_building Archery Range |
| 11:19 | MrTimmy · age_up feudal |
| 11:25 | MrTimmy · first_building Archery Range |
| 11:25 | rokoldo1 · age_up feudal |
| 11:31 | Tricia · wall_segment Palisade Wall x15 |
| 12:02 | Lemon_Chan · age_up feudal |
| 13:06 | Coleman68 · age_up feudal |
| 14:20 | Tricia · wall_segment Palisade Wall x14 |
| 15:14 | Tricia · age_up feudal |
| 15:59 | Lemon_Chan · age_up castle |
| 16:00 | Rata · wall_segment Palisade Wall x4 |
| 16:47 | Lemon_Chan · first_building Castle |
| 16:52 | rokoldo1 · first_building Barracks |
| 17:27 | Tricia · wall_segment Palisade Wall x7 |
| 17:33 | Lemon_Chan · first_building Monastery |
| 17:54 | rokoldo1 · age_up castle |
| 18:15 | Lemon_Chan · wall_segment Palisade Wall x1 |
| 18:16 | rokoldo1 · first_building Stable |
| 18:17 | Lemon_Chan · wall_segment Palisade Wall x1 |
| 18:18 | Lemon_Chan · wall_segment Palisade Wall x1 |
| 18:20 | Lemon_Chan · wall_segment Palisade Wall x1 |
| 18:25 | Rata · age_up castle |
| 18:36 | Lemon_Chan · wall_segment Palisade Wall x1 |
| 18:41 | Lemon_Chan · wall_segment Palisade Wall x1 |
| 18:42 | Lemon_Chan · wall_segment Palisade Wall x1 |
| 18:44 | Lemon_Chan · wall_segment Palisade Wall x1 |
| 18:47 | Lemon_Chan · wall_segment Palisade Wall x1 |
| 18:49 | Tricia · wall_segment Palisade Wall x8 |
| 19:02 | Lemon_Chan · wall_segment Palisade Wall x1 |
| 19:03 | Lemon_Chan · wall_segment Palisade Wall x1 |
| 19:05 | Lemon_Chan · wall_segment Palisade Wall x1 |
| 19:07 | Lemon_Chan · wall_segment Palisade Wall x1 |
| 19:13 | BigO · age_up castle |
| 19:16 | BigO · first_building Barracks |
| 19:54 | Rata · first_market_buy 100 stone |
| 20:24 | BigO · first_building Stable |
| 20:32 | Lemon_Chan · first_building Siege Workshop |
| 22:20 | MrTimmy · age_up castle |
| 22:33 | KarvaSetä · age_up castle |
| 23:00 | Rata · resign |
| 23:24 | BigO · first_building Castle |
| 23:38 | MrTimmy · first_building Siege Workshop |
| 25:08 | KarvaSetä · first_building Monastery |
| 26:57 | KarvaSetä · first_building Stable |
| 27:33 | KarvaSetä · first_building Castle |
| 31:43 | KarvaSetä · first_building Siege Workshop |
[ AI ANALYSIS · 1 CREDIT ]
What really happened in this match?
Wolo.gg analyzes every decision: build order, eco, micro, common mistakes by bracket. Personalized analysis on WhatsApp or Discord in 30 seconds.
Civ guide
Vietnamese
Perfil
Jugador #6723641